 Dungeon Crawl Stone Soup version 0.29-a0-80-g3050e97935 (webtiles) character file.

Game seed: 9588348034201443896

81 Grim the Magician (level 4, -8/34 HPs)
             Began as a Djinni Ice Elementalist on Feb 4, 2022.
             Mangled by a wight (13 damage)
             ... on level 3 of the Dungeon.
             The game lasted 00:07:30 (4365 turns).

Grim the Magician (Djinni Ice Elementalist)         Turns: 4365, Time: 00:07:30

Health: -8/34      AC:  2    Str: 15    XL:     4   Next: 68%
Gold:   86         EV: 12    Int: 16    God:
                   SH:  0    Dex: 14

rFire   + + .      SeeInvis .   m - +0 falchion
rCold   x . .      Faith    .   (no shield)
rNeg    . . .      Spirit   .   a - +0 robe
rPois   ∞          Reflect  .   (no helmet)
rElec   .          Harm     .   (no cloak)
rCorr   .          Rampage  .   (no gloves)
Will    .....                   (boots unavailable)
Stlth   ++........              (no amulet)
HPRegen 0.11/turn               f - +6 ring of strength
MPRegen 0.00/turn               (no ring)

@: flying
A: sickness immunity, fire resistance 2, cold vulnerability 1, float, innate
caster, HP casting, extra vitality 1
a: no special abilities


You were on level 3 of the Dungeon.
You visited 1 branch of the dungeon, and saw 3 of its levels.

You collected 119 gold pieces.
You spent 33 gold pieces at shops.

Inventory:

Hand Weapons
 m - a +0 falchion (weapon)
Missiles
 d - 25 stones
 g - 6 javelins
 i - 3 boomerangs
 k - 7 poisoned darts
Armour
 a - a +0 robe (worn)
Jewellery
 f - a +6 ring of strength (left hand)
Scrolls
 b - a scroll of enchant armour {unknown}
 c - a scroll of acquirement {unknown}
 e - a scroll of vulnerability {unknown}
 h - 2 scrolls of identify {unknown}
 j - a scroll of magic mapping {unknown}
Potions
 l - a potion of ambrosia {unknown}


   Skills:
 + Level 2.5 Fighting
 * Level 0.0 Long Blades
 - Level 2.1 Dodging
 - Level 1.5 Stealth
 - Level 0.4 Unarmed Combat
 + Level 3.9 Spellcasting


You couldn't memorise any spells.
You knew the following spells:

 Your Spells              Type           Power      Damage    Failure   Level
a - Freeze                Ice            60%        1d8       3%          1
b - Frozen Ramparts       Ice            30%        1d5       10%         3
c - Ozocubu's Armour      Ice            15%        N/A       10%         3
d - Hailstorm             Conj/Ice       15%        3d5       32%         4
e - Slow                  Hex            60%        N/A       3%          1
Your spell library was empty.

Dungeon Overview and Level Annotations

Branches:
Dungeon (3/15)

Altars:

Shops:
D:2 (   D:3 ((*


Innate Abilities, Weirdness & Mutations

You are immune to sickness and miasma.
You are immune to poison.
Your flesh is very heat resistant. (rF++)
You are vulnerable to cold. (rC-)
You float through the air rather than walking.
You learn spells naturally, not from books.
Your magical power is your life essence.
You have superior vitality. (+4 MHP)


Message History

The wight closely misses you.
There is a stone staircase leading down here.
There is a stone staircase leading up here.
You fly upwards.
There is a stone staircase leading down here.
You start resting.
HP restored.
Okay, then.
You fly downwards.
The wight hits you with a +0 hand axe!
There is a stone staircase leading up here.
Casting: Frozen Ramparts (quite dangerous; 10% risk of failure)
Confirm with . or Enter, or press ? or * to list all spells.
Aiming: Freeze (safe; 3% risk of failure)
Press: ? - help, Shift-Dir - straight line, f - wight
Aim: a wight, wielding a +0 hand axe and wearing a +0 robe You freeze the wight but do no damage.
The wight completely resists.
The wight misses you.
Unknown command.
Casting: Freeze (safe; 3% risk of failure)
Confirm with . or Enter, or press ? or * to list all spells.
Aiming: Freeze (safe; 3% risk of failure)
Press: ? - help, Shift-Dir - straight line, f/p - wight
Aim: a wight, wielding a +0 hand axe and wearing a +0 robe You can't see any item there.
You freeze the wight.
The wight resists.
The wight is lightly damaged.
The wight hits you with a +0 hand axe!
* * * LOW HITPOINT WARNING * * *
Casting: Freeze (safe; 3% risk of failure)
Confirm with . or Enter, or press ? or * to list all spells.
Aiming: Freeze (safe; 3% risk of failure)
Press: ? - help, Shift-Dir - straight line, f/p - wight
Aim: a wight, wielding a +0 hand axe and wearing a +0 robe (lightly damaged)
You freeze the wight but do no damage.
The wight completely resists.
* * * LOW HITPOINT WARNING * * *
The wight barely misses you.
The wight hits you from afar with a +0 spear!
* * * LOW HITPOINT WARNING * * *
The wight hits you with a +0 hand axe!
You die...

#..........# #
#####..........# #
....#..........# #
..............#$...#
#.#..........#....#
#.#..........#....#
#.#..........#....#
#z#..........#....#
#.@..........#....#
#.###..........#.....
#....z.........#.....
######.>.......+.....
#..######.#..... #..#
#.#.....
#..######.#.....
#....zz.........
#.###.........#.


You could see 2 wights.

Vanquished Creatures
  2 adders (D:2)
  A worm (D:2)
  5 orcs (D:3)
  5 ball pythons
  3 endoplasms
  5 giant cockroaches
  2 goblins (D:1)
  3 hobgoblins
  3 jackals (D:2)
  5 kobolds
  3 quokkas
  7 bats
  4 frilled lizards
  3 rats (D:1)
51 creatures vanquished.

Notes
Turn   | Place    | Note
-------+----------+-------------------------------------------
     0 | D:1      | Grim the Djinni Ice Elementalist began the quest for the
                  | Orb.
     0 | D:1      | Reached XP level 1. HP: 15/15 MP: 0/0
    84 | D:1      | Reached skill level 1 in Fighting
    84 | D:1      | Reached XP level 2. HP: 15/22 MP: 0/0
   844 | D:1      | Reached XP level 3. HP: 26/27 MP: 0/0
   844 | D:1      | Learned a level 1 spell: Slow
  1312 | D:2      | Found a faded altar of an unknown god.
  1618 | D:2      | Found Lapaxuypt's Antique Weapon Shoppe.
  2023 | D:2      | Reached XP level 4. HP: 24/33 MP: 0/0
  3163 | D:3      | Found Gozuhe's Weapon Shop.
  3227 | D:3      | Found Mathibonk's General Store.
  3335 | D:3      | Found Baniataifo's Weapon Emporium.
  3343 | D:3      | Bought a +0 falchion for 33 gold pieces
  4365 | D:3      | Mangled by a wight

Illustrated notes

Levels and vault maps discovered:
D:1:      nicolae_arrival_somewhat_less_tricky_arrival, layout_basic
D:2:      layout_loops_corners, serial_shops,
          nicolae_shop_competitors_out_of_business,
          shapermc_ecumenical_altar_totnotflames
D:3:      layout_basic, overflow_temple_1_default, serial_shops,
          nicolae_square_shop, shop_fountains,
          nicolae_shop_bloodbath_and_beyond, minmay_tree_intersection

Skill      XL: |  1  2  3 |
---------------+----------+-----
Fighting       | 1 2 |  2.5
Dodging        | |  2.1
Stealth        | |  1.5
Unarmed Combat | |  0.4
Spellcasting   | |  3.9

Action                   |  1- 3 |  4- 6 || total
-------------------------+-------+-------++-------
Melee: Unarmed           |     3 |     3 ||     6
 Cast: Freeze            |    49 |    43 ||    92
       Frozen Ramparts   |       |     5 ||     5
       Ozocubu's Armour  |       |     1 ||     1
 Stab: Sleeping          |     1 |       ||     1
Armor: Robe              |    11 |     6 ||    17
Dodge: Dodged            |    36 |    24 ||    60

Table legend: (Time is in decaauts)
 A = Elapsed time spent in this place.
 B = Non-inter-level travel time spent in this place.
 C = Inter-level travel time spent in this place.
 D = Time resting spent in this place.
 E = Time spent auto-exploring this place.
 F = Levels seen in this place.
 G = Mean time per level.
                   A        B        C        D        E       F      G
               +--------+--------+--------+--------+--------+-----+--------+
         Total |   4366 |   4281 |     85 |   1222 |   2473 |   3 | 1455.3 |
       Dungeon |   4366 |   4281 |     85 |   1222 |   2473 |   3 | 1455.3 |
               +--------+--------+--------+--------+--------+-----+--------+

Top non-repeatable levels by time:
     D:2: 2255 daAuts
     D:1: 1242 daAuts
     D:3: 868 daAuts
